 Dungeon Crawl Stone Soup version 0.30-a0-808-g6e0788376e (webtiles) character file.

Game seed: 3530832142652139015

303 Ceno the Grave Robber (level 6, 0/28 HPs)
             Began as a Vine Stalker Necromancer on Feb 26, 2023.
             Shot with an arrow by a centaur (4 damage)
             ... on level 5 of the Dungeon.
             The game lasted 00:18:45 (3919 turns).

Ceno the Grave Robber (Vine Stalker Necromancer)    Turns: 3919, Time: 00:18:46

Health: 0/28       AC:  7    Str: 11    XL:     6   Next: 38%
Magic:  0/12       EV: 11    Int: 17    God:
Gold:   312        SH:  0    Dex: 14    Spells: 4/12 levels left

rFire   . . .      SeeInvis .    b - +2 dagger (holy)
rCold   . . .      Faith    .    (no shield)
rNeg    . . .      Spirit   +    h - +2 leather armour {Will+}
rPois   .          Reflect  .    t - +0 helmet
rElec   .          Harm     .    m - +0 cloak
rCorr   +          Rampage  .    (no gloves)
Will    +....                    (no boots)
Stlth   +++                      (no amulet)
HPRegen 1.04/turn                n - ring of resist corrosion
MPRegen 0.13/turn                (no ring)

@: no status effects
A: fangs 2, regeneration 1, magic shield, antimagic bite, no potion heal 2
a: no special abilities


You were on level 5 of the Dungeon.
You visited 1 branch of the dungeon, and saw 5 of its levels.

You collected 312 gold pieces.

Inventory:

Hand Weapons
 a - a +1 short sword of speed
 b - a +2 dagger of holy wrath (weapon)
Missiles
 g - 59 stones (quivered)
 x - 4 poisoned darts
Armour
 h - a +2 leather armour of willpower (worn)
 m - a +0 cloak (worn)
 t - a +0 helmet (worn)
Jewellery
 n - a ring of resist corrosion (left hand)
 s - an amulet of faith
Wands
 c - a wand of digging (1)
 w - a wand of polymorph (2)
Scrolls
 f - a scroll of noise {unknown}
 i - a scroll of amnesia {unknown}
 j - a scroll of blinking {unknown}
 k - 2 scrolls of fear
 q - a scroll of teleportation
 r - a scroll of enchant armour {unknown}
 u - a scroll of vulnerability {unknown}
Potions
 d - a potion of attraction
 e - a potion of haste
 l - 2 potions of magic
 o - a potion of ambrosia
 p - a potion of degeneration
 v - a potion of might {unknown}


   Skills:
 - Level 1.5 Dodging
 + Level 4.6 Stealth
 + Level 3.7 Spellcasting
 * Level 6.0 Necromancy


You had 4 spell levels left.
You knew the following spells:

 Your Spells              Type           Power      Damage    Failure   Level
a - Necrotise             Necr           92%        1d8       1%          1
b - Vampiric Draining     Necr           23%        2d7       5%          3
c - Animate Dead          Necr           23%        N/A       19%         4

Your spell library contained the following spells:

 Spells                   Type           Power      Damage    Failure   Level
 Olgreb's Toxic Radiance  Pois           3%         N/A       91%         4
 Agony                    Necr           23%        N/A       45%         5
 Ozocubu's Refrigeration  Ice            1%         4d7       100%        7
 Ignition                 Fire           1%         3d3       100%        8


Dungeon Overview and Level Annotations

Branches:
Dungeon (5/15)
 Temple: D:4-7

Altars:
Ashenzari
Cheibriados
Makhleb
Trog
Wu Jian

Shops:
D:2 (   D:4 (

Annotations:
D:2 1 runed translucent door, Crazy Yiuf
D:5 exclusion: ogre, Menkaure


Innate Abilities, Weirdness & Mutations

You have extremely sharp teeth.
Your natural rate of healing is unusually fast.
When hurt, damage is shared between your health and your magic reserves.
Your bite disrupts and absorbs the magic of your enemies.
Potions cannot restore your health.


Message History

Your reaping aura is weakening.
The iguana bites you.
Your +2 dagger of holy wrath stops glowing.
Your hands tingle!
a - a +1 short sword of speed (weapon)
The iguana bites you.
You completely miss the iguana. Your bite misses the iguana.
The iguana is almost dead.
The iguana barely misses you.
You hit the iguana.
The iguana is almost dead.
You hit the iguana.
You kill the iguana!
The dead are walking!
Your Necromancy skill increases to level 6!
Your +2 dagger of holy wrath softly glows with a divine radiance!
b - a +2 dagger of holy wrath (weapon)
Your reaping aura expires.
HP restored.
Found a stone staircase leading up.
Menkaure shouts!
You start resting.
A centaur comes into view.
The centaur wields a +0 shortbow.
The centaur shoots an arrow.
The arrow hits you!
You hit Menkaure but do no damage.
The centaur shoots an arrow.
The arrow hits your adder zombie!
Your adder zombie is destroyed!
Menkaure hits you.
You hit Menkaure.
Menkaure convulses.
Menkaure is lightly damaged.
The centaur shoots an arrow.
The arrow hits you!
The centaur shoots an arrow.
The arrow completely misses you. Menkaure barely misses you.
The centaur shoots an arrow.
The arrow hits you!
* * * LOW HITPOINT WARNING * * *
There is a stone staircase leading up, spattered with blood here.
The centaur shoots an arrow.
The arrow closely misses you. Menkaure hits you.
* * * LOW HITPOINT WARNING * * *
The centaur shoots an arrow.
The arrow hits you.
You die...

##.#...###..##.....[...
##......##..#####......
##.#....###.$# ......
#.###..## #..# ..)...
.## #..###.c#####......
### ##...#.............
..# #.............../..
#.###....#......ZM#
...#.###...##...@.#
.##.###.#.#.#.....#
................###
.######.#.#.###.# .#
#....## #.# .# #.#.##
.#. .# #.#.# # #. .#
#.... #. .. ....## #.


You could see Menkaure (ally target), a centaur and a friendly iguana zombie.

Vanquished Creatures
  2 hounds
  An iguana (D:5)
  An orc priest (D:5)
  Robin (D:4)
  4 gnolls
  3 adders
  A worm (D:3)
  A dart slug (D:4)
  11 orcs
  4 ball pythons
  9 endoplasms
  4 giant cockroaches
  19 goblins
  9 hobgoblins
  4 quokkas
  5 bats
  7 frilled lizards
  8 kobolds
  8 rats
102 creatures vanquished.

Vanquished Creatures (others)
  An adder zombie (D:5)
  2 goblin zombies (D:4)
  An orc zombie (D:5)
  8 demonic plants (D:1)
  2 fungi (D:1)
  6 plants (D:4)
  2 withered plants (D:1)
22 creatures vanquished.

Grand Total: 124 creatures vanquished

Notes
Turn   | Place    | Note
-------+----------+-------------------------------------------
     0 | D:1      | Ceno the Vine Stalker Necromancer began the quest for the
                  | Orb.
     0 | D:1      | Reached XP level 1. HP: 9/9 MP: 4/4
    50 | D:1      | Found a faded altar of an unknown god.
   166 | D:1      | Reached XP level 2. HP: 13/13 MP: 4/6
   559 | D:1      | Reached XP level 3. HP: 11/16 MP: 5/7
   563 | D:1      | Learned a level 3 spell: Vampiric Draining
   938 | D:2      | Found a broken altar of Ashenzari.
  1159 | D:2      | Found Yplelubu's Weapon Shop.
  1203 | D:2      | Found a runed translucent door.
  1204 | D:2      | Noticed Crazy Yiuf
  1969 | D:3      | Gained mutation: Your natural rate of healing is unusually
                  | fast. [Vine Stalker growth]
  1969 | D:3      | Reached XP level 4. HP: 21/21 MP: 9/9
  1988 | D:3      | Reached skill level 5 in Necromancy
  2327 | D:3      | Learned a level 4 spell: Animate Dead
  2688 | D:3      | Reached XP level 5. HP: 24/24 MP: 8/10
  2819 | D:4      | Found a burning altar of Makhleb.
  2827 | D:4      | Found a snail-covered altar of Cheibriados.
  2830 | D:4      | Found an ornate altar of the Wu Jian Council.
  2833 | D:4      | Found a bloodstained altar of Trog.
  2863 | D:4      | Noticed Robin
  2893 | D:4      | Killed Robin
  2927 | D:4      | Found Rianuego's Antique Weapon Shoppe.
  3560 | D:5      | Entered Level 5 of the Dungeon
  3565 | D:5      | Noticed an ogre
  3776 | D:5      | Reached XP level 6. HP: 21/28 MP: 3/12
  3865 | D:5      | Noticed Menkaure
  3896 | D:5      | Reached skill level 6 in Necromancy
  3919 | D:5      | Shot with an arrow by a centaur

Illustrated notes

Levels and vault maps discovered:
D:1:      dpeg_arrival_fog, layout_loops_ring, shapermc_ecumenical_altar_gd
D:2:      minmay_kobold_bridge, layout_rooms, basic_altar, serial_shops,
          nicolae_shop_temple_entry_statues_fountains, uniq_crazy_yiuf_cottage
D:3:      layout_basic, roderic_roman_lattice, minmay_misc_feat_four_crosses,
          chequers_big_river
D:4:      layout_basic, grunt_temple_overflow_cloverleaf, serial_shops, shop,
          serial_bayou_lake_a, uniq_robin
D:5:      layout_loops_ring, uniq_menkaure

Skill      XL: |  1  2  3  4  5  6 |
---------------+-------------------+-----
Stealth        | 3 4 |  4.6
Necromancy     | 5 6 |  6.0
Spellcasting   | 3 |  3.7
Dodging        | |  1.5

Action                     |  1- 3 |  4- 6 || total
---------------------------+-------+-------++-------
  Melee: Short sword       |    76 |   101 ||   177
         Bite              |    28 |    39 ||    67
         Dagger            |    25 |    42 ||    67
         Punch             |     1 |       ||     1
  Throw: Stone             |       |     3 ||     3
   Cast: Necrotise         |    34 |    20 ||    54
         Animate Dead      |       |     3 ||     3
         Vampiric Draining |       |     1 ||     1
    Use: Scroll            |       |     7 ||     7
   Stab: Sleeping          |     7 |    10 ||    17
 Armour: Leather armour    |    19 |    29 ||    48
  Dodge: Dodged            |    39 |    55 ||    94

Table legend: (Time is in decaauts)
 A = Elapsed time spent in this place.
 B = Non-inter-level travel time spent in this place.
 C = Inter-level travel time spent in this place.
 D = Time resting spent in this place.
 E = Time spent auto-exploring this place.
 F = Levels seen in this place.
 G = Mean time per level.
                   A        B        C        D        E       F      G
               +--------+--------+--------+--------+--------+-----+--------+
         Total |   3899 |   3758 |    141 |    118 |   2095 |   5 |  779.8 |
       Dungeon |   3899 |   3758 |    141 |    118 |   2095 |   5 |  779.8 |
               +--------+--------+--------+--------+--------+-----+--------+

Top non-repeatable levels by time:
     D:3: 1113 daAuts
     D:4: 986 daAuts
     D:1: 907 daAuts
     D:2: 660 daAuts
     D:5: 231 daAuts
